Map: Arctic Flowers LE

Players

Tankina - Winner!

  • Race: Terran Terran
  • Spawn Location: 1:00

Felbreaker - Winner!

  • Race: Terran Terran
  • Spawn Location: 1:00

VOD

Have the link to the VOD?

Description

Time

  • Played on: Feb. 17, 2025, 1:08 a.m.
  • Length: 17:51
Show
View Real Time Build Order
Export as new Build Order

Tankina Terran - Winner!

Build Orders:  

Get SALT Encoding   

  12  0:00  SCV  
  13  0:17  SCV  
  14  0:24  Supply Depot  
  14  0:34  SCV  
  15  0:54  SCV  
  15  0:55  Barracks  
  16  1:11  SCV  
  17  1:28  SCV  
  18  1:44  SCV  
  19  2:01  Marine, SCV  
  19  2:02  Command Center  
  19  2:09  Supply Depot  
  21  2:18  SCV  
  22  2:26  Marine  
  23  2:32  Refinery  
  23  2:39  SCV  
  24  2:40  Refinery  
  24  2:51  Marine  
  24  2:55  SCV  
  26  3:01  Refinery  
  26  3:13  SCV  
  26  3:16  Marine  
  28  3:39  Orbital Command  
  28  3:41  Marine  
  28  3:44  Orbital Command  
  29  4:00  Factory  
  29  4:06  Barracks Reactor  
  29  4:16  SCV  
  30  4:20  SCV  
  30  4:29  Barracks  
  31  4:36  Factory  
  31  4:41  SCV  
  31  4:43  SCV  
  33  4:59  Marine x2  
  35  5:00  SCV x2  
  35  5:08  Supply Depot  
  37  5:11  Factory Tech Lab  
  37  5:20  SCV  
  37  5:23  Marine  
  37  5:24  Marine  
  37  5:27  SCV  
  41  5:37  Barracks Tech Lab, SCV  
  41  5:39  Siege Tank  
  45  5:40  Factory Tech Lab  
  45  5:44  Supply Depot  
  45  5:49  Supply Depot  
  45  5:51  Marine x2  
  45  5:53  SCV  
  45  5:54  Refinery, SCV  
  49  6:04  Marauder  
  49  6:07  Concussive Shells  
  51  6:10  SCV  
  51  6:11  SCV  
  51  6:16  Siege Tank  
  51  6:18  Marine  
  57  6:22  Marine  
  57  6:26  Supply Depot  
  58  6:32  Siege Tank x2  
  58  6:37  Marauder  
  63  6:53  Engineering Bay  
  63  6:57  Supply Depot  
  63  7:04  Siege Tank  
  63  7:09  Supply Depot, SCV  
  67  7:11  Marauder  
  67  7:12  Marine x2  
  71  7:54  Siege Tank  
  71  7:57  SCV  
  71  7:58  Command Center  
  75  8:00  Refinery x2  
  75  8:01  Supply Depot  
  75  8:04  SCV  
  76  8:10  Stimpack  
  76  8:36  Marauder  
  76  8:37  Marine  
  76  8:38  Marine  
  80  8:41  Siege Tank x2  
  80  8:48  Starport  
  86  8:50  Supply Depot  
  86  8:55  Engineering Bay  
  86  8:57  SCV  
  87  9:02  SCV  
  88  9:13  Starport, Marine  
  88  9:14  Marine  
  88  9:15  Marauder  
  92  9:20  SCV  
  93  9:38  Terran Infantry Weapons Level 1, Armory  
  93  9:40  Terran Infantry Armor Level 1  
  93  9:42  Siege Tank  
  93  9:44  Siege Tank  
  93  9:45  SCV  
  93  9:48  Marine  
  101  9:50  Marine  
  101  9:58  Orbital Command  
  102  10:15  Starport Reactor  
  102  10:16  Starport Reactor  
  102  10:21  Supply Depot  
  102  10:31  Siege Tank  
  102  10:32  Siege Tank  
  102  10:35  SCV  
  102  10:38  SCV  
  110  10:51  Armory, Terran Vehicle Weapons Level 1  
  110  10:52  Missile Turret  
  110  11:02  Marine, Marauder  
  110  11:03  Marine  
  110  11:05  Unknown  
  110  11:09  Supply Depot  
  114  11:22  Missile Turret, Viking, Factory  
  114  11:23  Medivac  
  114  11:27  SCV  
  119  11:30  SCV  
  119  11:35  SCV  
  121  11:48  Siege Tank x2  
  127  11:51  Viking  
  127  11:53  Medivac  
  127  11:56  SCV  
  132  12:02  SCV  
  132  12:09  Viking, Medivac  
  137  12:16  Supply Depot  
  75  12:20  Siege Tank x9  
  137  12:21  Unknown  
  137  12:24  Terran Infantry Weapons Level 2  
  137  12:25  Unknown  
  137  12:26  Supply Depot  
  136  12:39  Siege Tank  
  138  12:41  Siege Tank  
  138  12:42  Factory Tech Lab  
  138  12:48  SCV  
  138  12:49  Barracks  
  142  12:50  Supply Depot  
  142  13:02  Siege Tank x9  
  135  14:05  Siege Tank x2  
  135  14:06  Siege Tank  
  135  14:07  Barracks Tech Lab  
  135  14:08  Marauder  
  135  14:09  Marine x2  
  148  14:10  Viking, Medivac  
  148  14:11  Viking, Medivac  
  148  14:13  SCV  
  148  14:15  Siege Tank x6  
  112  14:34  Marine  
  112  14:38  Marauder  
  101  14:41  SCV  
  101  14:42  Barracks  
  102  14:52  Siege Tank  
  102  14:53  Siege Tank x2  
  111  15:10  Viking  
  111  15:11  Viking, Medivac x2  
  111  15:14  Marine  
  120  15:22  Refinery, Command Center  
  120  15:23  Refinery  
  120  15:39  Siege Tank  
  123  15:40  Siege Tank x2  
  123  15:43  Marauder  
  123  15:44  Marine  
  123  15:46  Siege Tank x6, SCV  
  133  15:54  Supply Depot  
  133  15:56  Supply Depot  
  133  16:03  SCV  
  133  16:04  SCV  
  135  16:14  SCV  
  136  16:21  SCV  
  137  16:31  SCV  
  138  16:41  SCV  
  138  16:44  Siege Tank  
  138  16:45  Siege Tank x2  
  138  16:47  Viking, Medivac  
  138  16:48  Viking, Medivac  
  156  16:50  Marauder x2  
  156  16:51  Marine x2  
  156  16:53  Barracks Tech Lab  
  162  17:05  Starport  
  162  17:11  Orbital Command  
Show
View Real Time Build Order
Export as new Build Order

Felbreaker Terran - Winner!

Build Orders:  

Get SALT Encoding   

  12  0:03  SCV  
  13  0:24  Supply Depot, SCV  
  14  0:41  SCV  
  15  0:58  SCV  
  16  1:05  Barracks  
  16  1:14  Refinery  
  16  1:15  SCV  
  17  1:32  SCV  
  18  1:49  SCV  
  19  2:06  SCV  
  20  2:11  Barracks Tech Lab  
  20  2:18  Command Center  
  20  2:23  SCV  
  21  2:41  Orbital Command  
  21  2:46  Refinery  
  21  2:59  Marine  
  22  3:24  SCV  
  23  3:57  Factory  
  23  3:58  Marine, SCV  
  25  4:05  Orbital Command  
  25  4:07  Stimpack  
  25  4:15  Barracks, SCV  
  26  4:32  SCV  
  26  4:35  Marine  
  28  4:41  SCV  
  28  4:49  SCV  
  30  4:58  SCV  
  31  5:00  Supply Depot  
  31  5:04  Supply Depot  
  31  5:06  SCV  
  31  5:09  Marauder  
  34  5:13  Factory Tech Lab  
  34  5:15  SCV  
  35  5:25  Starport  
  35  5:35  Barracks Reactor  
  35  5:38  Barracks  
  35  5:41  Siege Tank  
  35  5:42  SCV x2  
  40  5:59  SCV x2  
  42  6:05  Refinery  
  42  6:06  Refinery  
  42  6:16  SCV x2  
  44  6:31  Factory  
  44  6:33  SCV x2  
  46  6:46  Barracks Reactor  
  46  6:48  Barracks Tech Lab  
  46  6:50  SCV x2  
  46  6:54  Marine  
  49  7:01  Medivac  
  49  7:04  Unknown  
  54  7:12  Supply Depot  
  54  7:25  Engineering Bay  
  54  7:27  Engineering Bay  
  54  7:35  SCV x2  
  56  7:40  Factory Tech Lab  
  56  7:43  Supply Depot  
  56  7:52  SCV x2  
  56  7:59  Marine x2, Marauder x2  
  64  8:01  Unknown  
  64  8:02  Siege Tank  
  64  8:04  Medivac  
  64  8:09  SCV x2  
  68  8:11  Terran Infantry Armor Level 1  
  68  8:14  Terran Infantry Weapons Level 1  
  68  8:23  Supply Depot  
  68  8:24  Marine  
  68  8:26  SCV x2  
  68  8:29  Marauder  
  73  8:41  Siege Tank  
  79  9:02  Marine x2, Marauder x2  
  85  9:11  Command Center  
  85  9:17  Armory  
  85  9:25  Supply Depot, SCV x2  
  87  9:42  SCV  
  87  9:43  Unknown  
  87  9:45  Marine, Marauder  
  87  9:46  Marine, Marauder  
  94  10:02  Refinery  
  94  10:09  Refinery  
  94  10:16  SCV x2  
  96  10:24  Marine x3, Marauder  
  101  10:32  SCV  
  102  10:43  Terran Vehicle Weapons Level 1  
  102  10:46  Supply Depot  
  102  10:51  Marine x2, Marauder, SCV x2  
  102  10:54  Marauder  
  102  10:59  Terran Infantry Armor Level 2  
  110  11:03  Terran Infantry Weapons Level 2  
  110  11:08  SCV  
  111  11:14  Medivac  
  111  11:16  Marine  
  111  11:17  Supply Depot  
  111  11:18  Thor  
  123  11:38  Barracks  
  123  11:43  Barracks  
  123  11:45  Orbital Command  
  123  12:07  Marine x2, Marauder x2  
  129  12:14  Unknown  
  129  12:18  Concussive Shells  
  129  12:23  Supply Depot  
  129  12:32  Marine x2  
  129  12:37  Marauder  
  133  12:53  Marine  
  133  12:57  Marine  
  134  13:08  Siege Tank x2  
  137  13:19  Barracks Tech Lab  
  132  13:20  Barracks Reactor  
  132  13:23  Medivac x2  
  132  13:29  Marine x3, Marauder  
  138  13:54  Marine, Marauder  
  141  14:01  Terran Vehicle Weapons Level 2  
  141  14:11  Supply Depot  
  141  14:14  Command Center  
  141  14:17  Supply Depot  
  141  14:19  Supply Depot  
  141  14:41  Marine x2, Marauder x2  
  141  14:43  Supply Depot  
  147  14:50  Supply Depot  
  147  15:06  Marine  
  148  15:14  Supply Depot  
  148  15:31  Marine x4, Marauder x3  
  148  15:32  Supply Depot  
  148  15:34  Thor x2  
  148  15:36  Unknown, Medivac x2  
  173  15:56  Marine x2  
  175  16:01  Marauder x3  
  186  16:31  Marauder  
  185  16:50  Siege Tank x2  
  185  17:17  Unknown  
  185  17:18  Unknown  
Tags
 
Add a new tag
Caveats
  • Supply blocks, unpowered buildings, or Contaminate may cause inaccurate times.
  • Supply counts are checked every 10 seconds.